 Dungeon Crawl Stone Soup version 0.29-a0-841-g116ddc6ace (webtiles) character file.

Game seed: 16975482598151267444

70 avis the Shooter (level 3, -2/29 HPs)
             Began as a Demigod Hunter on July 15, 2022.
             Killed from afar by Ijyb (8 damage)
             ... with a puff of flame
             ... on level 3 of the Dungeon.
             The game lasted 00:10:02 (1852 turns).

avis the Shooter (Demigod Hunter)                   Turns: 1852, Time: 00:10:03

Health: -2/29      AC:  4    Str: 12    XL:     3   Next: 76%
Magic:  5/5        EV: 12    Int: 11    God:
Gold:   127        SH:  0    Dex: 21    Spells: 2/2 levels left

rFire   . . .      SeeInvis +   b - +2 dagger (venom)
rCold   + . .      Faith    .   (no shield)
rNeg    . . .      Spirit   .   c - +0 leather armour
rPois   .          Reflect  .   s - +0 helmet
rElec   .          Harm     .   (no cloak)
rCorr   .          Rampage  .   (no gloves)
Will    .....                   (no boots)
Stlth   ++........              (no amulet)
HPRegen 0.09/turn               h - ring of see invisible
MPRegen 0.09/turn               q - ring of protection from cold

@: no status effects
A: high MP 1, forlorn, divine attributes
a: no special abilities


You were on level 3 of the Dungeon.
You visited 1 branch of the dungeon, and saw 3 of its levels.

You collected 127 gold pieces.

Inventory:

Hand Weapons
 a - a +0 shortbow
 b - a +2 dagger of venom (weapon)
 p - a +0 falchion
 t - a +0 rapier
Missiles
 j - 5 javelins
Armour
 c - a +0 leather armour (worn)
 s - a +0 helmet (worn)
Magical Staves
 m - a staff of conjuration
Jewellery
 h - a ring of see invisible (left hand)
 q - a ring of protection from cold (right hand)
Wands
 r - a wand of polymorph (7)
 u - a wand of digging (6)
Scrolls
 d - a scroll of enchant weapon {unknown}
 e - a scroll of immolation
 f - 2 scrolls of teleportation {unknown}
 i - 2 scrolls of acquirement {unknown}
 l - a scroll of fog {unknown}
 o - 3 scrolls of identify {unknown}
Potions
 g - a potion of cancellation {unknown}
 k - 2 potions of brilliance {unknown}
 n - a potion of berserk rage {unknown}
 v - a potion of curing {unknown}


   Skills:
 * Level 2.1 Fighting
 - Level 5.0 Ranged Weapons
 - Level 1.7 Dodging
 - Level 0.8 Stealth


You had 2 spell levels left.
You didn't know any spells.
Your spell library contained the following spells:

 Spells                   Type           Power      Damage    Failure   Level
 Gell's Gravitas          Tloc           0%         N/A       80%         3
 Teleport Other           Tloc           0%         N/A       80%         3
 Dispersal                Tloc           0%         N/A       100%        6
 Chain Lightning          Conj/Air       0%         N/A       100%        9
 Fire Storm               Conj/Fire      0%         5d1       100%        9
 Shatter                  Erth           0%         3d5*      100%        9


Dungeon Overview and Level Annotations

Branches:
Dungeon (3/15)

Annotations:
D:3 Grinder, Ijyb


Innate Abilities, Weirdness & Mutations

You have an increased reservoir of magic. (+10% MP)
You shall have no god before yourself.
Your divine heritage dramatically boosts your attributes as you level up.


Message History

You kill the ball python!
You hear a shout!
Ijyb the Twisted Goblin comes into view.
She is wielding a +0 dagger and carrying a wand of flame (15).
Ijyb shouts!
Ijyb zaps a wand.
The puff of flame hits you.
Fire: a) +0 shortbow
Press: ? - help, Q - select action, (/) - cycle Shift-Dir - straight line, f - Ijyb
Aim: Ijyb, wielding a +0 dagger, wearing a +0 leather armour and carrying a wand of flame (14) (59% to hit)
You shoot an arrow. The arrow closely misses Ijyb.
Unknown command.
Fire: a) +0 shortbow
Press: ? - help, Q - select action, (/) - cycle Shift-Dir - straight line, f/p - Ijyb
Aim: Ijyb, wielding a +0 dagger, wearing a +0 leather armour and carrying a wand of flame (14) (59% to hit)
You shoot an arrow. The arrow completely misses Ijyb.
Ijyb screams, "Me kill you!" Ijyb closely misses you.
Your +2 dagger of venom begins to drip with poison!
b - a +2 dagger of venom (weapon)
You barely miss Ijyb.
Ijyb screams, "You nasty!
Big nasty!"
Ijyb barely misses you.
You closely miss Ijyb. Ijyb barely misses you.
You hit Ijyb but do no damage. Ijyb hits you with a +0 dagger.
You hit Ijyb but do no damage.
Ijyb is poisoned.
You punch Ijyb, but do no damage.
Ijyb zaps a wand.
The puff of flame hits you.
You barely miss Ijyb. Ijyb hits you with a +0 dagger.
You closely miss Ijyb.
Ijyb is lightly wounded.
Ijyb barely misses you.
You hit Ijyb but do no damage.
Ijyb looks even sicker.
Ijyb is lightly wounded.
Ijyb hits you with a +0 dagger.
* * * LOW HITPOINT WARNING * * *
Ijyb barely misses you. Ijyb attacks as you move away!
Ijyb hits you with a +0 dagger.
* * * LOW HITPOINT WARNING * * *
Ijyb attacks as you move away! Ijyb barely misses you.
Ijyb attacks as you move away! Ijyb completely misses you.
Ijyb zaps a wand.
The puff of flame hits you!
You die...

#######
###.......#.#
#............ ..#
#.#.......#.# #.##
#g#.......#.# #...
#.#.......#.# #...
#@#.......#.# #...
#.#########.# #...
##.#########.###...
#..................
########...........
#...........
#...........
#....######. #....#
#.


You could see Ijyb (very poisoned).

Vanquished Creatures
  Robin (D:2)
  An adder (D:2)
  6 ball pythons
  10 bats
  2 endoplasms (D:3)
  A giant cockroach (D:3)
  4 hobgoblins
  3 kobolds
  A quokka (D:1)
  10 goblins
  4 rats
43 creatures vanquished.

Notes
Turn   | Place    | Note
-------+----------+-------------------------------------------
     0 | D:1      | avis the Demigod Hunter began the quest for the Orb.
     0 | D:1      | Reached XP level 1. HP: 17/17 MP: 3/3
   479 | D:1      | Reached skill level 4 in Ranged Weapons
   578 | D:1      | Reached XP level 2. HP: 24/24 MP: 4/4
  1306 | D:2      | Reached XP level 3. HP: 29/29 MP: 5/5
  1584 | D:3      | Noticed Robin
  1595 | D:2      | Killed Robin
  1640 | D:3      | Reached skill level 5 in Ranged Weapons
  1663 | D:3      | Noticed Grinder
  1837 | D:3      | Noticed Ijyb
  1852 | D:3      | Killed from afar by Ijyb

Illustrated notes

Levels and vault maps discovered:
D:1:      saegor_arrival_simple_e, layout_loops_ring,
          shapermc_ecumenical_altar_mp_ritualfount
D:2:      layout_rooms
D:3:      layout_basic, uniq_ijyb, uniq_grinder, uniq_robin

Skill      XL: |  1  2  3 |
---------------+----------+-----
Fighting       | 2 |  2.1
Ranged Weapons | 4 5 |  5.0
Dodging        | |  1.7
Stealth        | |  0.8

Action                   || total
-------------------------++-------
Melee: Falchion          ||    12
       Punch             ||     2
       Rapier            ||     5
       Dagger            ||     7
 Fire: Shortbow          ||   105
Armor: Leather armour    ||    11
Dodge: Dodged            ||    41

Table legend: (Time is in decaauts)
 A = Elapsed time spent in this place.
 B = Non-inter-level travel time spent in this place.
 C = Inter-level travel time spent in this place.
 D = Time resting spent in this place.
 E = Time spent auto-exploring this place.
 F = Levels seen in this place.
 G = Mean time per level.
                   A        B        C        D        E       F      G
               +--------+--------+--------+--------+--------+-----+--------+
         Total |   1885 |   1708 |    177 |    306 |    958 |   3 |  628.3 |
       Dungeon |   1885 |   1708 |    177 |    306 |    958 |   3 |  628.3 |
               +--------+--------+--------+--------+--------+-----+--------+

Top non-repeatable levels by time:
     D:1: 848 daAuts
     D:2: 728 daAuts
     D:3: 308 daAuts
